 Dungeon Crawl Stone Soup version 0.26-b1-32-g5d43845318 (webtiles) character file.

Game seed: 18215959274733653996

107 Borgoz the Skirmisher (level 4, -7/40 HPs)
             Began as a Ghoul Fighter on Jan 13, 2021.
             Mangled by an ogre
             ... wielding a cursed -2 giant spiked club
              (15 damage)
             ... on level 3 of the Dungeon.
             The game lasted 00:02:14 (2078 turns).

Borgoz the Skirmisher (Ghoul Fighter)               Turns: 2078, Time: 00:02:15

Health: -7/40      AC:  7    Str: 19    XL:     4   Next: 86%
Magic:  3/3        EV: 10    Int:  3    God:
Gold:   61         SH:  4    Dex:  9    Spells: 3/3 levels left

rFire    . . .     SeeInvis .   a - +1 long sword
rCold    + . .     Faith    .   c - +0 buckler
rNeg     + + +     Spirit   .   b - +1 scale mail
rPois    ∞         Reflect  .   (no helmet)
rElec    .         Harm     .   (no cloak)
rCorr    +         Rampage  .   (no gloves)
Will     .....                  (no boots)
Stlth    ..........             h - amulet of inaccuracy (curse)
HPRegen  0.00/turn              k - ring of resist corrosion
MPRegen  0.08/turn              n - +4 ring of slaying

@: no status effects
A: claws 1, cold resistance 1, negative energy resistance 3, inhibited
regeneration, torment resistance, unbreathing
a: no special abilities


You were on level 3 of the Dungeon.
You visited 1 branch of the dungeon, and saw 3 of its levels.

You collected 61 gold pieces.

Inventory:

Hand Weapons
 a - a +1 long sword (weapon)
Armour
 b - a +1 scale mail (worn)
 c - a +0 buckler (worn)
Jewellery
 h - a cursed amulet of inaccuracy (around neck)
 k - a ring of resist corrosion (left claw)
 n - a +4 ring of slaying (right claw)
Scrolls
 i - 2 scrolls of teleportation
 m - a scroll of amnesia {unknown}
 o - a scroll of enchant armour
Potions
 d - 2 potions of might
 e - a potion of heal wounds {unknown}
 f - a potion of curing {unknown}
 g - a potion of berserk rage {unknown}
 j - a potion of attraction {unknown}
 l - a potion of magic {unknown}
 p - a potion of brilliance {unknown}


   Skills:
 + Level 3.6 Fighting
 * Level 2.5 Long Blades
 * Level 3.4 Armour
 * Level 1.7 Dodging
 + Level 3.0 Shields


You had 3 spell levels left.
You didn't know any spells.
Your spell library was empty.

Dungeon Overview and Level Annotations

Branches:
Dungeon (3/15)

Altars:
Ru


Innate Abilities, Weirdness & Mutations

You thrive by killing the living.
You are immune to poison.
You have sharp fingernails.
Your flesh is cold resistant. (rC+)
You are immune to negative energy. (rN+++)
You do not regenerate when monsters are visible.
You are immune to unholy pain and torment.
You can survive without breathing.


Message History

You kill the bat!
An ogre comes into view. It is wielding a -2 giant spiked club.
The ogre shouts!
You hit the ogre.
The ogre is lightly wounded.
The ogre hits you with a cursed -2 giant spiked club!
You barely miss the ogre.
The ogre is lightly wounded.
The ogre hits you with a cursed -2 giant spiked club!
You are too injured to fight recklessly!
You are too injured to fight recklessly!
You are too injured to fight recklessly!
You hit the ogre.
The ogre is lightly wounded.
The ogre hits you with a cursed -2 giant spiked club!
* * * LOW HITPOINT WARNING * * *
You closely miss the ogre.
The ogre is lightly wounded.
The ogre hits you with a cursed -2 giant spiked club!
You die...

............. ...........
#.#.#.####... #. #.........
#.#.#.# #. #......... #.#†#.# ##
#. #......... #.#<#.# .# #.
#.......>. #.###.# .#
#.##......... ......# .#
#.#<.........
#.###############.###.##.........
................@................
#################O###.##.........
.# #. #......... .# #. ##+#######
.# #. .. .. .. .$ .. .#


You could see an ogre.

Vanquished Creatures
  A worker ant (D:2)
  A gnoll (D:1)
  2 adders
  An ooze (D:2)
  3 dart slugs (D:1)
  A worm (D:3)
  A leopard gecko (D:2)
  4 bats
  3 giant cockroaches (D:1)
  8 goblins
  4 hobgoblins
  4 kobolds
  A quokka (D:3)
  A ball python (D:2)
  3 frilled lizards
  4 rats
42 creatures vanquished.

Notes
Turn   | Place    | Note
-------+----------+-------------------------------------------
     0 | D:1      | Borgoz the Ghoul Fighter began the quest for the Orb.
     0 | D:1      | Reached XP level 1. HP: 19/19 MP: 0/0
    76 | D:1      | Reached XP level 2. HP: 9/26 MP: 1/1
   406 | D:1      | Reached skill level 1 in Dodging
   406 | D:1      | Reached XP level 3. HP: 29/31 MP: 2/2
  1070 | D:2      | You fall into a shaft and drop 1 floor!
  1239 | D:2      | Reached XP level 4. HP: 32/38 MP: 3/3
  1244 | D:2      | Found a sacrificial altar of Ru.
  2074 | D:3      | Noticed an ogre
  2078 | D:3      | Mangled by an ogre

Illustrated notes

Levels and vault maps discovered:
D:1:      lightli_arrival_maybe_door_vault, layout_rooms,
          hangedman_decor_clover_reticule
D:2:      layout_basic, hangedman_ru_absence
D:3:      layout_basic, amcnicky_altar_lugonu_corruption, uniq_jessica,
          uniq_grinder

Skill      XL: |  1  2  3 |
---------------+----------+-----
Long Blades    | 2 |  2.5
Armour         | 3 |  3.4
Dodging        | 1 |  1.7
Shields        | 3 |  3.0
Fighting       | |  3.6

Action                   |  1- 3 |  4- 6 || total
-------------------------+-------+-------++-------
Melee: Long sword        |   111 |    78 ||   189
  Use: Scroll            |     4 |     2 ||     6
Armor: Scale mail        |    60 |    35 ||    95
Dodge: Dodged            |    45 |    31 ||    76
Block: Kite shield       |    78 |    28 ||   106
       Buckler           |       |     3 ||     3
       Rpst.: Long sword |    14 |     9 ||    23
